 Dungeon Crawl Stone Soup version 0.18-a0-949-g5bbc315 (webtiles) character file.

105 Arkorax the Insei (level 4, -3/28 HPs)
             Began as an Octopode Transmuter on Dec 30, 2015.
             Was a Follower of Cheibriados.
             Shot with a stone by a goblin (9 damage)
             ... on level 3 of the Dungeon.
             The game lasted 00:02:54 (1773 turns).

Arkorax the Insei (Octopode Transmuter)             Turns: 1773, Time: 00:02:54

Health: -3/28      AC:  1    Str: 11    XL:     4   Next: 81%
Magic:  8/8        EV: 12    Int: 20    God:    Cheibriados [*.....]
Gold:   80         SH:  5    Dex: 15    Spells: 3 memorised, 0 levels left

rFire  . . .     SeeInvis .       - Unarmed
rCold  . . .     Gourm    .     (no shield)
rNeg   . . .     Faith    .     (helmet restricted)
rPois  .         Spirit   .     f - +5 amulet of reflection
rElec  .         Dismiss  .     g - +3 ring of intelligence
rCorr  .         Reflect  +     (no ring)
SustAt .         Harm     .     (no ring)
MR     .....                    (no ring)
Stlth  ++........               (no ring)
                                (no ring)
                                (no ring)
                                (no ring)

@: very slow, not resistant to hostile enchantments, unstealthy
A: almost no armour, amphibious, 8 rings, constrict 8, camouflage 1, gelatinous
body 1
a: Bend Time, Renounce Religion


You were on level 3 of the Dungeon.
You worshipped Cheibriados.
Cheibriados was aware of your devotion.
You were not hungry.

You visited 1 branch of the dungeon, and saw 3 of its levels.

You collected 80 gold pieces.

Inventory:

Missiles
 a - 12 arrows
Jewellery
 f - a +5 amulet of reflection (around mantle)
 g - a +3 ring of intelligence (left tentacle)
Scrolls
 d - 2 scrolls of identify {unknown}
 h - a scroll of immolation {unknown}
 i - a scroll of amnesia {unknown}
 j - 2 scrolls of enchant weapon {unknown}
 l - a scroll of teleportation {unknown}
 m - a scroll of blinking {unknown}
 n - a scroll of fog {unknown}
 o - a scroll of magic mapping {unknown}
 r - a scroll of remove curse {unknown}
Potions
 e - a potion of heal wounds {unknown}
 p - a potion of agility {unknown}
 q - a potion of resistance {unknown}
 s - a potion of haste {unknown}
 t - a potion of ambrosia {unknown}
 v - a potion of poison {unknown}
Books
 b - a book of Changes

   Spells                             Type                      Level
   a - Beastly Appendage              Transmutation                1
   b - Sticks to Snakes               Transmutation                2
   c - Spider Form                    Transmutation/Poison         3
   d - Ice Form                       Ice/Transmutation            4
   e - Blade Hands                    Transmutation                5
Comestibles
 c - a bread ration
 k - 2 meat rations
 u - a slice of pizza


   Skills:
 - Level 1.0 Fighting
 - Level 2.0 Dodging
 - Level 4.0 Unarmed Combat
 + Level 2.7 Spellcasting
 * Level 2.9 Transmutations
 * Level 0.8 Ice Magic
 - Level 1.0 Poison Magic


You couldn't memorise any spells.
You knew the following spells:

 Your Spells              Type           Power        Failure   Level  Hunger
a - Beastly Appendage     Trmt           ##....       4%          1    None
b - Spider Form           Trmt/Pois      ##........   21%         3    ###....
c - Ice Form              Ice/Trmt       ##......     71%         4    ####...


Dungeon Overview and Level Annotations

Branches:
Dungeon (3/15)

Altars:
Cheibriados
Trog
Xom


Innate Abilities, Weirdness & Mutations

You cannot wear most types of armour.
You are amphibious.
You can wear up to eight rings at the same time.
You can use your tentacles to constrict eight enemies at once.
Your skin changes colour to match your surroundings (Stealth).
Your rubbery body absorbs attacks (AC +1).


Message History

A goblin is nearby!
A goblin is nearby!
The goblin shoots a stone.
The stone hits you.
The goblin shoots a stone.
You reflect the stone off an invisible shield around you!
The stone barely misses the goblin.
Things that are here:
a club x2 a hobgoblin corpse The goblin shoots a stone.
The stone hits you!
* * * LOW HITPOINT WARNING * * *
You see here a stone.
You are too injured to fight recklessly!
You are too injured to fight recklessly!
The goblin shoots a stone.
The stone hits you.
* * * LOW HITPOINT WARNING * * *
Items here: ( )) † a stone; a club; a club; a hobgoblin corpse The goblin shoots a stone.
The stone hits you but does no damage.
The goblin shoots a stone.
The stone hits you!
You die...

#...... .....#
####+####..... #.##.#.
#≈≈≈g≈≈≈#....######.##.#.
#≈.≈≈≈≈≈#....$.......#.#.
#...≈...#....######..#.#.
#.......#....# ###..#.#.
#.....(.#...?# #....#.#.
#......(#....# #.##...#.
.........@†#+#............
############ ............
............ ............
............ ............
###+####+#. ####.#.
.......


You could see a goblin.

Vanquished Creatures
  3 adders (D:2)
  An ooze (D:1)
  3 worms
  3 giant geckos
  An orc (D:3)
  5 giant cockroaches
  15 hobgoblins
  5 jackals
  3 quokkas
  6 bats
  2 giant newts
  5 goblins
  2 kobolds (D:1)
  7 rats
61 creatures vanquished.

Notes
Turn   | Place    | Note
--------------------------------------------------------------
     0 | D:1      | Arkorax the Octopode Transmuter began the quest for the Orb.
     0 | D:1      | Reached XP level 1. HP: 13/13 MP: 3/3
   139 | D:1      | Reached XP level 2. HP: 18/18 MP: 5/5
   366 | D:1      | Reached XP level 3. HP: 20/23 MP: 6/6
   402 | D:1      | Learned a level 3 spell: Spider Form
   799 | D:2      | Found a snail-covered altar of Cheibriados.
   812 | D:2      | Became a worshipper of Cheibriados the Contemplative
   906 | D:2      | Found a bloodstained altar of Trog.
  1116 | D:2      | Reached skill level 4 in Unarmed Combat
  1116 | D:2      | Reached XP level 4. HP: 18/28 MP: 7/7
  1307 | D:2      | Found a shimmering altar of Xom.
  1307 | D:2      | Found a shimmering altar of Xom.
  1308 | D:2      | Found a shimmering altar of Xom.
  1338 | D:2      | Found a shimmering altar of Xom.
  1338 | D:2      | Found a shimmering altar of Xom.
  1536 | D:3      | Reached skill level 1 in Poison Magic
  1655 | D:3      | Learned a level 4 spell: Ice Form
  1664 | D:3      | Reached * piety under Cheibriados
  1773 | D:3      | Shot with a stone by a goblin

Vault maps used:
D:1:      shiori_shiawase
D:2:      old_standard_altar, lightli_temple_of_fire, xom_redecorated,
          due_unseen_surprise
D:3:      lemuel_doored_altar, minmay_goblin_outpost, uniq_natasha

Action                   |  1- 3 |  4- 6 || total
-------------------------+-------+-------++-------
Melee: Unarmed           |    78 |    58 ||   136
 Cast: Spider Form       |       |     2 ||     2
 Stab: Sleeping          |     9 |     3 ||    12
       Distracted        |     2 |       ||     2
  Eat: Meat ration       |     1 |       ||     1
